 Dungeon Crawl Stone Soup version 0.18-a0-987-g0b0e4e7 (webtiles) character file.

49 urechis the Slasher (level 3, 0/29 HPs)
             Began as a Demonspawn Abyssal Knight on Dec 27, 2015.
             Was a Follower of Lugonu.
             Slain by a goblin
             ... wielding a +0 club
             ... led by Robin
              (5 damage)
             ... on level 2 of the Dungeon on Jan 3, 2016.
             The game lasted 00:03:31 (1553 turns).

urechis the Slasher (Demonspawn Abyssal Knight)     Turns: 1553, Time: 00:03:31

Health: 0/29       AC:  5    Str: 12    XL:     3   Next: 51%
Magic:  0/4        EV: 12    Int: 13    God:    Lugonu [*.....]
Gold:   61         SH:  0    Dex: 17    Spells: 0 memorised, 2 levels left

rFire  . . .     SeeInvis .     a - +1 falchion
rCold  . . .     Gourm    .     e - +0 robe (curse)
rNeg   . . .     Faith    .     (no shield)
rPois  .         Spirit   +     (no helmet)
rElec  .         Dismiss  .     l - +0 cloak
rCorr  .         Reflect  .     (no gloves)
SustAt .         Harm     .     (no boots)
MR     .....                    h - amulet of guardian spirit
Stlth  ++........               (no ring)
                                k - +4 ring of dexterity

@: not resistant to hostile enchantments, unstealthy
A: talons 1, thin metallic scales 1
a: Depart the Abyss, Renounce Religion


You were on level 2 of the Dungeon.
You worshipped Lugonu.
Lugonu was aware of your devotion.
You were not hungry.

You visited 1 branch of the dungeon, and saw 2 of its levels.
You visited the Abyss 1 time.

You collected 61 gold pieces.

Inventory:

Hand Weapons
 a - a +1 falchion (weapon)
Armour
 b - a +0 leather armour
 e - a cursed +0 robe (worn)
 l - a +0 cloak (worn)
Jewellery
 h - an amulet of guardian spirit (around neck)
 j - an uncursed ring of protection from magic {unknown}
 k - a +4 ring of dexterity (left hand)
Scrolls
 f - a scroll of identify
Potions
 i - a potion of beneficial mutation {unknown}
Comestibles
 c - a bread ration
 d - a fruit
 g - a royal jelly


   Skills:
 - Level 3.0 Fighting
 + Level 3.6 Long Blades
 - Level 1.7 Armour
 - Level 0.8 Dodging
 - Level 2.4 Invocations


You had 2 spell levels left.
You didn't know any spells.

Dungeon Overview and Level Annotations

Branches:
Dungeon (2/15)

Altars:

Annotations:
D:2 Robin


Innate Abilities, Weirdness & Mutations

You have sharp toenails.
You are partially covered in thin metallic scales (AC +2).


Message History

A goblin comes into view. It is wielding a club.
The goblin shouts!
You hit the goblin.
You kill the goblin!
Lugonu accepts your kill.
Robin roars a battlecry!
The goblins go into a battle-frenzy!
A goblin comes into view.
Robin throws the goblin at you! The hobgoblin hits you.
The goblin hits you with a dagger.
You feel sick. The goblin closely misses you.
A goblin comes into view. It is wielding a dagger.
The goblin hits you but does no damage.
You feel sick.
You are no longer poisoned.
Robin throws the goblin at you! The goblin hits you with a club.
* * * LOW HITPOINT WARNING * * *
Found a robe.
The goblin hits you with a club!
You die...

†# #.[..........................
.# ###(.####.##....#.#.#.#.#.#..
.# ##.####.##.......[.?.....# .##
#........†...#.#.#.#.#.## ..#
#.......................# ..##
##...........#.#.#.#.#.## ...##
#..................>...# ...(##
#.........g.#.#.#)#.#.#..#
.....###........@ggg.w.g........#
#.(#...............#g#.#.#.#.#...
#.(.###?.....#.##.####..g....
..(..###...%....#.# #...$g..g.
........##.###..#.[ ##...g......
..)...#..#... !...## .....<.g...
......##..##... .## ............
.....## .# ###.. ..........g.
...... .


You could see a worm, Robin, 3 hobgoblins and 2 goblins.

Vanquished Creatures
  An adder (D:2)
  An ooze (D:1)
  A worm (D:2)
  A bat (D:2)
  3 giant cockroaches (D:1)
  4 goblins
  5 hobgoblins
  4 jackals
  3 kobolds
  A ball python (D:1)
  3 giant newts
  4 rats (D:1)
31 creatures vanquished.

Notes
Turn   | Place    | Note
--------------------------------------------------------------
     0 | Abyss:1  | urechis the Demonspawn Abyssal Knight began the quest for the Orb.
     0 | Abyss:1  | Reached XP level 1. HP: 18/18 MP: 2/2
    78 | Abyss:1  | Noticed a small abomination
    79 | D:1      | Escaped the Abyss
   348 | D:1      | Gained mutation: You are partially covered in thin metallic scales (AC +2). [demonic ancestry]
   348 | D:1      | Reached XP level 2. HP: 10/24 MP: 3/3
   356 | D:1      | Reached * piety under Lugonu
  1367 | D:1      | Upgraded the game from 0.18-a0-921-g28655ce to 0.18-a0-987-g0b0e4e7
  1441 | D:2      | Gained mutation: You have sharp toenails. [demonic ancestry]
  1441 | D:2      | Reached XP level 3. HP: 26/29 MP: 2/4
  1542 | D:2      | Noticed Robin
  1553 | D:2      | Slain by a goblin

Vault maps used:
D:1:      minmay_arrival_jagged, serial_glass, glass_columns_a, glass_columns_a
D:2:      st_stairs_10, uniq_robin
Abyss:1:  guppyfry_abyss_exit_spiral_guarded

Action                   || total
-------------------------++-------
Melee: Falchion          ||   106
Invok: Depart the Abyss  ||     1
  Use: Scroll            ||     3
  Eat: Chunk             ||     2
